 Dungeon Crawl Stone Soup version 0.28.0 (webtiles) character file.

Game seed: 4795950642545436322

7 Morbidden the Chucker (level 1, 4/14 HPs)
             Began as a Demigod Wanderer on Feb 14, 2022.
             Quit the game on level 1 of the Dungeon.
             The game lasted 00:00:37 (345 turns).

Morbidden the Chucker (Demigod Wanderer)             Turns: 345, Time: 00:00:38

Health: 4/14       AC:  2    Str: 11    XL:     1   Next: 73%
Magic:  5/5        EV: 11    Int: 17    God:
Gold:   0          SH:  0    Dex: 12    Spells: 4/4 levels left

rFire   . . .      SeeInvis .   a - +0 dagger
rCold   . . .      Faith    .   (no shield)
rNeg    . . .      Spirit   .   c - +0 robe
rPois   .          Reflect  .   (no helmet)
rElec   .          Harm     .   (no cloak)
rCorr   .          Rampage  .   (no gloves)
Will    .....                   (no boots)
Stlth   +.........              (no amulet)
HPRegen 0.04/turn               (no ring)
MPRegen 0.09/turn               (no ring)

@: no status effects
A: high MP 1, forlorn, divine attributes
a: no special abilities


You were on level 1 of the Dungeon.
You visited 1 branch of the dungeon, and saw 1 of its levels.

Inventory:

Hand Weapons
 a - a +0 dagger (weapon)
Missiles
 b - 10 poisoned darts (quivered)
Armour
 c - a +0 robe (worn)
Scrolls
 e - a scroll of teleportation {unknown}
Potions
 d - a potion of cancellation {unknown}


   Skills:
 + Level 2.8 Throwing
 + Level 1.0 Armour
 + Level 2.0 Spellcasting
 + Level 1.8 Summonings
 + Level 1.9 Ice Magic


You had 4 spell levels left.
You didn't know any spells.
Your spell library contained the following spells:

 Spells                   Type           Power      Damage    Failure   Level
 Freeze                   Ice            32%        1d5       9%          1
 Summon Small Mammal      Summ           32%        N/A       9%          1
 Ensorcelled Hibernation  Hex/Ice        10%        N/A       21%         2
 Ozocubu's Armour         Ice            8%         N/A       26%         3
 Summon Guardian Golem    Hex/Summ       4%         N/A       36%         3


Dungeon Overview and Level Annotations

Branches:
Dungeon (1/15)


Innate Abilities, Weirdness & Mutations

You have an increased reservoir of magic. (+10% MP)
You shall have no god before yourself.
Your divine heritage dramatically boosts your attributes as you level up.


Message History

You are too injured to fight recklessly!
You are too injured to fight recklessly!
You are too injured to fight recklessly!
You are too injured to fight recklessly!
You are too injured to fight recklessly!
You are too injured to fight recklessly!
You are too injured to fight recklessly!
An endoplasm is nearby!
An endoplasm is nearby!
You are too injured to fight recklessly!
Unknown command.
You hit the endoplasm.
The endoplasm is moderately wounded.
The endoplasm misses you.
You hit the endoplasm.
The endoplasm is heavily wounded.
The endoplasm barely misses you.
You hit the endoplasm but do no damage.
The endoplasm is heavily wounded.
The endoplasm freezes you.
You are frozen.
You hit the endoplasm but do no damage.
The endoplasm is heavily wounded.
The endoplasm hits you but does no damage.
You hit the endoplasm.
The endoplasm is severely wounded.
The endoplasm freezes you.
You are frozen.
* * * LOW HITPOINT WARNING * * *
You hit the endoplasm but do no damage.
The endoplasm is severely wounded.
The endoplasm completely misses you.
You barely miss the endoplasm.
The endoplasm is severely wounded.
The endoplasm closely misses you.
You hit the endoplasm.
You kill the endoplasm!
A ball python comes into view.
The ball python hisses angrily.
Are you sure you want to abandon this character and quit the game? (Confirm with "yes".)

#. #. #. # #. .# #.
#.. #. #.# ##
########.# #@.......#
#.##.#.#.##
.#.#.##.#..#
...........#
.###(##.##.########
#S####.#............
.........>##########
#....................
#####.#############


There were no monsters in sight!

Vanquished Creatures
  3 endoplasms (D:1)
  A hobgoblin (D:1)
  A bat (D:1)
  2 rats (D:1)
7 creatures vanquished.

Notes
Turn   | Place    | Note
-------+----------+-------------------------------------------
     0 | D:1      | Morbidden the Demigod Wanderer began the quest for the Orb.
     0 | D:1      | Morbidden set off with the following items: a +0 dagger, 11
                  | poisoned darts, a +0 robe; and the following spells
                  | available to memorise: Freeze, Summon Small Mammal,
                  | Ensorcelled Hibernation, Ozocubu's Armour, Summon Guardian
                  | Golem
     0 | D:1      | Reached XP level 1. HP: 14/14 MP: 5/5
   345 | D:1      | Quit the game

Illustrated notes

Levels and vault maps discovered:
D:1:      wander_arrival_lonely_grave, layout_loops_ring,
          hellmonk_ecumenical_altar_zigzags, nrook_mini_backslash

Skill      XL: |  1 |
---------------+----+-----
Spellcasting   | 2 |  2.0
Throwing       | |  2.8
Armour         | |  1.0
Summonings     | |  1.8
Ice Magic      | |  1.9

Action                   || total
-------------------------++-------
Melee: Dagger            ||    21
Throw: Dart              ||    12
Armor: Robe              ||     4
Dodge: Dodged            ||    13
